 Dungeon Crawl Stone Soup version 0.30-a0-757-ga6a79fd877 (webtiles) character file.

Game seed: 12225821208736154593

7 retardedninja the Shield-Bearer (level 1, 22/22 HPs)
             Began as a Troll Fighter on Feb 9, 2023.
             Quit the game on level 1 of the Dungeon.
             The game lasted 00:00:41 (191 turns).

retardedninja the Shield-Bearer (Troll Fighter)      Turns: 191, Time: 00:00:41

Health: 22/22      AC:  4    Str: 23    XL:     1   Next: 91%
Magic:  0/0        EV:  8    Int:  4    God:
Gold:   51         SH:  7    Dex:  9    Spells: 0/0 levels left

rFire   . . .      SeeInvis .      - Unarmed
rCold   . . .      Faith    .    b - +0 kite shield
rNeg    . . .      Spirit   .    a - +0 robe
rPois   .          Reflect  .    (helmet restricted)
rElec   .          Harm     .    (no cloak)
rCorr   .          Rampage  .    (gloves unavailable)
Will    .....                    (boots unavailable)
Stlth   +                        (no amulet)
HPRegen 1.03/turn                (no ring)
MPRegen 0.07/turn                (no ring)

@: no status effects
A: large, unfitting armour, claws 3, regeneration 1, shaggy fur 1, tough skin 1
a: no special abilities


You were on level 1 of the Dungeon.
You visited 1 branch of the dungeon, and saw 1 of its levels.

You collected 51 gold pieces.

Inventory:

Armour
 a - a +0 robe (worn)
 b - a +0 kite shield (worn)
Jewellery
 f - a ring of protection from cold
Scrolls
 d - a scroll of fear {unknown}
 e - 2 scrolls of identify {unknown}
Potions
 c - a potion of might


   Skills:
 + Level 2.5 Fighting
 + Level 2.5 Dodging
 + Level 2.8 Shields
 * Level 2.2 Unarmed Combat


You couldn't memorise any spells.
You didn't know any spells.
Your spell library was empty.

Dungeon Overview and Level Annotations

Branches:
Dungeon (1/15)

Altars:


Innate Abilities, Weirdness & Mutations

You are too large for most types of armour.
You have claws for hands.
Your natural rate of healing is unusually fast.
You are covered in fur. (AC +1)
You have tough skin. (AC +1)


Message History

You kill the ball python!
No target in view!
No target in view!
A bat comes into view.
Found a scroll labelled NEREOSTRUHOE.
A bat is nearby!
A bat is nearby!
Found a fizzy clear potion.
The bat barely misses you.
A bat is nearby!
You closely miss the bat. The bat closely misses you.
A bat is nearby!
The bat barely misses you.
A bat is nearby!
You miss the bat. You block the bat's attack.
The bat hits you but does no damage. You block the bat's attack.
You claw the bat!
You kill the bat!
No target in view!
No target in view!
e - 2 scrolls labelled NEREOSTRUHOE (gained 1) Key pressed, stopping explore.
A rat comes into view.
Found a pair of boots.
A rat is nearby!
A rat is nearby!
The rat closely misses you.
A rat is nearby!
You closely miss the rat. The rat bites you but does no damage.
You scratch the rat but do no damage. The rat bites you.
You scratch the rat.
You kill the rat!
No target in view!
No target in view!
Key pressed, stopping explore.
No target in view!
No target in view!
No target in view!
Char dumped successfully.
Are you sure you want to abandon this character and quit the game? (Confirm with "yes".)

#.. .. #.# #.# .# #.#
#.# #.# ##.####.##..#
##.......#!..# #
#..........#.#.#
#..............#
######...†......@..#
..........##..###...[...
#######.......# ..####.
# ##.####.# .... # ##.##
#.# ..#.. # #...# #.#
..#..# #...# #.. ..# .#
#...# ### ... . #....


There were no monsters in sight!

Vanquished Creatures
  An endoplasm (D:1)
  A quokka (D:1)
  2 ball pythons (D:1)
  2 bats (D:1)
  A frilled lizard (D:1)
  A kobold (D:1)
  A rat (D:1)
9 creatures vanquished.

Notes
Turn   | Place    | Note
-------+----------+-------------------------------------------
     0 | D:1      | retardedninja the Troll Fighter began the quest for the
                  | Orb.
     0 | D:1      | Reached XP level 1. HP: 22/22 MP: 0/0
   191 | D:1      | Quit the game

Illustrated notes

Levels and vault maps discovered:
D:1:      dpeg_arrival_shelter, layout_loops_cross, minmay_tiny_reverse_x

Action                     || total
---------------------------++-------
  Melee: Unarmed           ||    34
 Armour: Robe              ||    17
  Dodge: Dodged            ||    17
  Block: Kite shield       ||    14

Table legend: (Time is in decaauts)
 A = Elapsed time spent in this place.
 B = Non-inter-level travel time spent in this place.
 C = Inter-level travel time spent in this place.
 D = Time resting spent in this place.
 E = Time spent auto-exploring this place.
 F = Levels seen in this place.
 G = Mean time per level.
                   A        B        C        D        E       F      G
               +--------+--------+--------+--------+--------+-----+--------+
         Total |    194 |    194 |      0 |      0 |    126 |   1 |  194.0 |
       Dungeon |    194 |    194 |      0 |      0 |    126 |   1 |  194.0 |
               +--------+--------+--------+--------+--------+-----+--------+

Top non-repeatable levels by time:
     D:1: 194 daAuts
